 Dungeon Crawl Stone Soup version 0.18-a0-1799-g6250cb2 (webtiles) character file.

35 Melicamp the Sneak (level 3, 0/27 HPs)
             Began as a Vampire Assassin on Apr 23, 2016.
             Succumbed to an adder's poison
             ... on level 3 of the Dungeon.
             The game lasted 00:25:17 (1661 turns).

Melicamp the Sneak (Vampire Assassin)               Turns: 1661, Time: 00:25:18

Health: 0/27       AC:  4    Str: 11    XL:     3   Next: 16%
Magic:  2/3        EV: 12    Int: 13    God:
Gold:   68         SH:  0    Dex: 15    Spells: 0 memorised, 2 levels left

rFire  . . .     SeeInvis +     a - +3 dagger
rCold  + . .     Gourm    .     c - +0 robe
rNeg   + + .     Faith    .     (no shield)
rPois  +         Spirit   +     (no helmet)
rElec  .         Dismiss  .     d - +0 cloak
rCorr  .         Reflect  .     h - +0 pair of gloves
SustAt .         Harm     .     (no boots)
MR     .....                    l - amulet of guardian spirit
Stlth  ++++......               (no ring)
                                (no ring)

@: lethally poisoned (0 -> -3), regenerating slowly, not resistant to hostile
enchantments, stealthy
A: fangs 3, see invisible, unbreathing
a: Bat Form


You were on level 3 of the Dungeon.
You were very thirsty.

You visited 1 branch of the dungeon, and saw 3 of its levels.

You collected 68 gold pieces.

Inventory:

Hand Weapons
 a - a +3 dagger (weapon)
 b - a +0 blowgun
Missiles
 e - 8 poisoned needles (quivered)
 f - 2 curare-tipped needles
Armour
 c - a +0 robe (worn)
 d - a +0 cloak (worn)
 h - a +0 pair of gloves (worn)
Jewellery
 l - an amulet of guardian spirit (around neck)
Scrolls
 j - 2 scrolls of immolation
 m - a scroll of enchant weapon
Potions
 g - 6 potions of blood
 i - a potion of degeneration
 k - a potion of flight


   Skills:
 - Level 1.8 Fighting
 * Level 2.7 Short Blades
 - Level 1.5 Throwing
 * Level 2.0 Dodging
 + Level 6.6 Stealth


You had 2 spell levels left.
You didn't know any spells.

Dungeon Overview and Level Annotations

Branches:
Dungeon (3/15)

Altars:
Kikubaaqudgha


Innate Abilities, Weirdness & Mutations

You heal slowly.
You have razor-sharp teeth.
You have supernaturally acute eyesight.
You can survive without breathing.


Message History

You kill the adder!
Your Dodging skill increases to level 2!
You have reached level 3!
Your experience leads to an increase in your attributes!
Increase (S)trength, (I)ntelligence, or (D)exterity?
You feel stronger.
You can now transform into a vampire bat.
There is a lethal amount of poison in your body!
There is a lethal amount of poison in your body!
There is a lethal amount of poison in your body!
As you read the scroll labeled GAUPTOR CULINN, it crumbles to dust.
It is a scroll of enchant weapon.
Enchant which weapon? (? for menu, Esc to quit)
Your +2 dagger glows red for a moment.
There is a lethal amount of poison in your body!
* * * LOW HITPOINT WARNING * * *
You feel sick.
* * * LOW HITPOINT WARNING * * *
You feel sick.
You die...

.# .# ....##### .#
#.#.## ........# .#
#.#..# #[#####.####.##.#
#†##.......#.##.#
#@......##.#.##.##
#.......##.(..#...
..#####...#...##..#.....
#............###........
####..##.....###.####.##
#.... ###.......# ...#
#.## #######.#.##.# #
#.# #.# #.. ..#


There were no monsters in sight!

Vanquished Creatures
  An adder (D:3)
  2 dart slugs (D:1)
  A giant gecko (D:1)
  2 bats (D:1)
  2 goblins
  3 hobgoblins (D:1)
  2 jackals (D:1)
  A giant newt (D:2)
  2 kobolds (D:1)
  4 rats
  2 withered plants (D:2)
22 creatures vanquished.

Vanquished Creatures (others)
  A bat (D:1)
1 creature vanquished.

Grand Total: 23 creatures vanquished

Notes
Turn   | Place    | Note
--------------------------------------------------------------
     0 | D:1      | Melicamp the Vampire Assassin began the quest for the Orb.
     0 | D:1      | Reached XP level 1. HP: 16/16 MP: 1/1
    68 | D:1      | Reached skill level 6 in Stealth
   292 | D:1      | Reached XP level 2. HP: 19/22 MP: 2/2
  1074 | D:2      | Found an ancient bone altar of Kikubaaqudgha.
  1649 | D:3      | Reached XP level 3. HP: 2/27 MP: 1/3
  1657 | D:3      | HP: 1/27 [poisoned by an adder]
  1661 | D:3      | Succumbed to an adder's poison

Vault maps used:
D:1:      saegor_arrival_miasma
D:2:      kiku_gazebo_garden_becter, uniq_natasha, uniq_robin
D:3:      lemuel_coloured_pillars_altar, nicolae_overflow_crystal_walls,
          first_bread, minmay_lizard_king

Skill      XL: |  1  2 |
---------------+-------+-----
Stealth        | 6 |  6.6
Dodging        | 2 |  2.0
Fighting       | |  1.8
Short Blades   | |  2.7
Throwing       | |  1.5

Action                   || total
-------------------------++-------
Melee: Dagger            ||   181
       Bite              ||    20
  Use: Potion            ||     4
       Scroll            ||     3
 Stab: Distracted        ||     1
       Sleeping          ||     1
Armor: Robe              ||    18
Dodge: Dodged            ||    44
